 Dungeon Crawl Stone Soup version 0.22-a0-136-g83a10e5 (webtiles) character file.

52 Gildeon the Magician (level 3, 0/26 HPs)
             Began as a Demigod Fire Elementalist on Jan 30, 2018.
             Slain by a worker ant (7 damage)
             ... on level 2 of the Dungeon on Feb 3, 2018.
             The game lasted 00:10:05 (1123 turns).

Gildeon the Magician (Demigod Fire Elementalist)    Turns: 1123, Time: 00:10:06

Health: 0/26       AC:  5    Str: 11    XL:     3   Next: 39%
Magic:  1/10       EV: 12    Int: 21    God:
Gold:   92         SH:  0    Dex: 16    Spells: 2/8 levels left

rFire    . . .     SeeInvis .   h - +0 club
rCold    . . .     Gourm    .   (no shield)
rNeg     . . .     Faith    .   a - +0 robe
rPois    .         Spirit   .   e - +1 hat
rElec    .         Reflect  .   (no cloak)
rCorr    .         Harm     .   (no gloves)
MR       .....                  d - +1 pair of boots
Stlth    ++........             (no amulet)
HPRegen  0.08/turn              (no ring)
MPRegen  0.12/turn              (no ring)

@: very slightly contaminated
A: high mp 1
a: no special abilities


You were on level 2 of the Dungeon.
You were not hungry.

You visited 1 branch of the dungeon, and saw 3 of its levels.

You collected 92 gold pieces.

Inventory:

Hand Weapons
 h - a +0 club (weapon)
Armour
 a - a +0 robe (worn)
 d - a +1 pair of boots (worn)
 e - a +1 hat (worn)
Scrolls
 f - 3 scrolls of identify
 i - 3 scrolls of remove curse
Books
 b - a book of Flames

   Spells                             Type                      Level
   a - Flame Tongue                   Conjuration/Fire             1
   b - Throw Flame                    Conjuration/Fire             2
   c - Conjure Flame                  Conjuration/Fire             3
   d - Inner Flame                    Hexes/Fire                   3
   e - Sticky Flame                   Conjuration/Fire             4
   f - Fireball                       Conjuration/Fire             5
Comestibles
 c - 5 rations
 g - 2 chunks of flesh


   Skills:
 - Level 1.7 Dodging
 - Level 1.7 Stealth
 + Level 3.4 Spellcasting
 - Level 0.8 Conjurations
 - Level 2.6 Fire Magic


You had 2 spell levels left.
You knew the following spells:

 Your Spells              Type           Power        Failure   Level  Hunger
a - Flame Tongue          Conj/Fire      ##...        6%          1    None
b - Throw Flame           Conj/Fire      ##....       10%         2    ##.....
c - Conjure Flame         Conj/Fire      ##......     19%         3    ###....


Dungeon Overview and Level Annotations

Branches:
Dungeon (3/15)


Innate Abilities, Weirdness & Mutations

You have an increased reservoir of magic. (+10% MP)


Message History

You hit the worker ant but do no damage.
The worker ant is severely wounded.
The worker ant bites you.
The worker ant bites you but does no damage.
You hit the worker ant.
The worker ant is almost dead.
The worker ant bites you but does no damage.
The worker ant bites you!
You closely miss the worker ant.
The worker ant is almost dead.
The worker ant barely misses you.
You hit the worker ant but do no damage.
The worker ant is almost dead.
The worker ant bites you. x2
* * * LOW HITPOINT WARNING * * *
You closely miss the worker ant.
The worker ant is almost dead.
The worker ant closely misses you. The worker ant bites you!
You die...

#.............
#.####..#####.
#.####..####
##########..........#
####......(...#.##...#.#
#....########.#.##...#.##.
.. #.#### #.............
#.. #.#
########.####.#.### #..
#.### #......a@# #....##
#.. #...# #........#
##....>#####.. ###.#
#.....†..# #.............
#.# #........#
#............. #.#
#.......## #.............
#.## #.......#
##.....#####.. #..#
#.......# ####...## #..
##.# ######### #.....##
#.. ####.########
#.###########..


You could see a worker ant.

Vanquished Creatures
  Jessica (D:2)
  An ooze (D:2)
  A giant cockroach (D:2)
  2 goblins
  2 hobgoblins
  3 jackals (D:1)
  5 kobolds
  3 bats
  A frilled lizard (D:1)
  3 rats
22 creatures vanquished.

Notes
Turn   | Place    | Note
-------+----------+-------------------------------------------
     0 | D:1      | Gildeon the Demigod Fire Elementalist began the quest for the Orb.
     0 | D:1      | Reached XP level 1. HP: 14/14 MP: 5/5
   157 | D:1      | Reached skill level 2 in Spellcasting
   532 | D:1      | Reached XP level 2. HP: 16/20 MP: 1/8
   537 | D:1      | Learned a level 2 spell: Throw Flame
   789 | D:2      | Noticed Jessica
   794 | D:2      | Killed Jessica
   794 | D:2      | Reached skill level 3 in Spellcasting
   794 | D:2      | Reached XP level 3. HP: 24/26 MP: 7/10
   799 | D:2      | Learned a level 3 spell: Conjure Flame
   814 | D:2      | Upgraded the game from 0.22-a0-126-g307c7c3 to 0.22-a0-136-g83a10e5
  1046 | D:2      | Found a basalt altar of Yredelemnul.
  1123 | D:2      | Slain by a worker ant

Vault maps used:
D:1:      tarquinn_simple_flora_water_f
D:2:      overflow_temple_1_default, yredelemnul_altar_generic, fountainhead,
          uniq_jessica
D:3:      elyvilon_altar_5, st_stairs_13, hangedman_decor_clover_reticule,
          kennysheep_generic_room_10, uniq_natasha

Skill      XL: |  1  2 |
---------------+-------+-----
Spellcasting   | 2 3 |  3.4
Dodging        | |  1.7
Stealth        | |  1.7
Conjurations   | |  0.8
Fire Magic     | |  2.6

Action                   || total
-------------------------++-------
Melee: Unarmed           ||     2
       Club              ||     8
 Cast: Flame Tongue      ||    52
       Throw Flame       ||     1
  Use: Scroll            ||     3
  Eat: Chunk             ||     1
Armor: Robe              ||     7
Dodge: Dodged            ||    37

Table legend:
 A = Spawn XP
 B = Non-spawn XP
 C = Spawn XP percentage of total XP
 D = Spawn monster count
 E = Non-spawn monster count
 F = Spawn count percentage of total count
 G = Total turns spent on level
                    A         B        C        D         E        F      G
               +---------+---------+-------+---------+---------+-------+---------
         Total |       0 |      75 |   0.0 |       0 |      22 |   0.0 |  1123
               +---------+---------+-------+---------+---------+-------+---------
           D:1 |       0 |      20 |   0.0 |       0 |      13 |   0.0 |   774
           D:2 |       0 |      55 |   0.0 |       0 |       9 |   0.0 |   345
               +---------+---------+-------+---------+---------+-------+---------
